 Dungeon Crawl Stone Soup version 0.28.0-45-g0d030f2227 (webtiles) character file.

Game seed: 7451038292481737965

104 zeratav the Digger (level 4, 0/27 HPs)
             Began as a Gargoyle Earth Elementalist on Apr 5, 2022.
             Slain by Sigmund
             ... wielding a +0 scythe
              (5 damage)
             ... on level 2 of the Dungeon.
             The game lasted 00:04:40 (2576 turns).

zeratav the Digger (Gargoyle Earth Elementalist)    Turns: 2576, Time: 00:04:41

Health: 0/27       AC:  8    Str: 11    XL:     4   Next: 80%
Magic:  3/7        EV: 10    Int: 18    God:
Gold:   35         SH:  0    Dex: 10    Spells: 2/8 levels left

rFire   . . .      SeeInvis .   a - +0 short sword
rCold   . . .      Faith    .   (no shield)
rNeg    + . .      Spirit   .   e - +0 ring mail
rPois   ∞          Reflect  .   (no helmet)
rElec   +          Harm     .   (no cloak)
rCorr   .          Rampage  .   (no gloves)
Will    .....                   (no boots)
Stlth   ..........              (no amulet)
HPRegen 0.09/turn               (no ring)
MPRegen 0.10/turn               (no ring)

@: confused
A: sickness immunity, AC +3, negative energy resistance 1, electricity
resistance, torment resistance 1, petrification resistance
a: no special abilities


You were on level 2 of the Dungeon.
You visited 1 branch of the dungeon, and saw 2 of its levels.

You collected 35 gold pieces.

Inventory:

Hand Weapons
 a - a +0 short sword (weapon)
Missiles
 c - 50 stones
 f - 8 poisoned darts
Armour
 b - a +0 robe
 d - a +0 leather armour
 e - a +0 ring mail (worn)
Jewellery
 g - a +4 ring of slaying
Scrolls
 h - a scroll of blinking {unknown}
 j - a scroll of fear {unknown}
Potions
 i - a potion of resistance {unknown}


   Skills:
 * Level 2.7 Fighting
 + Level 1.6 Dodging
 - Level 2.1 Stealth
 + Level 2.6 Spellcasting
 - Level 0.7 Transmutations
 * Level 5.0 Earth Magic


You had 2 spell levels left.
You knew the following spells:

 Your Spells              Type           Power      Damage    Failure   Level
a - Sandblast             Erth           40%        2d10      5%          1
b - Stone Arrow           Conj/Erth      22%        3d8       41%         3
c - Passwall              Tmut/Erth      10%        N/A       19%         2

Your spell library contained the following spells:

 Spells                   Type           Power      Damage    Failure   Level
 Frozen Ramparts          Ice            4%         1d2       77%         3
 Petrify                  Tmut/Erth      12%        N/A       77%         4
 Ice Form                 Ice/Tmut       3%         N/A       98%         4
 Summon Ice Beast         Ice/Summ       2%         N/A       99%         4


Dungeon Overview and Level Annotations

Branches:
Dungeon (2/15)

Altars:

Annotations:
D:2 Sigmund


Innate Abilities, Weirdness & Mutations

You are immune to sickness and miasma.
Your stone body is resilient. (AC +3)
You are immune to poison.
You resist negative energy. (rN+)
You are resistant to electric shocks. (rElec)
You are resistant to unholy torment.
You are immune to petrification.


Message History

The worm is severely wounded.
The blast of sand hits the worm!
You kill the worm!
Your Earth Magic skill increases to level 5!
The blast of sand hits Sigmund.
Sigmund is lightly wounded.
Sigmund barely misses you.
The blast of sand hits Sigmund!
Sigmund is severely wounded.
The blast of sand hits Sigmund.
Sigmund is almost dead.
Sigmund hits you from afar with a +0 scythe.
The blast of sand hits Sigmund.
Sigmund is almost dead.
Sigmund points at you and mumbles some strange words.
You are confused.
You're too confused to cast spells.
You bump into the rock wall.
Sigmund misses you.
You bump into the rock wall.
You bump into the rock wall.
Sigmund points at you and mumbles some strange words.
The puff of flame hits you.
Sigmund mumbles some strange words.
Sigmund flickers and vanishes!
Deactivating autopickup; reactivate with Ctrl-A.
You're too confused to move!
You hear some strange, mumbled words.
You are more confused.
You're too confused to move!
Something hits you.
A magic dart appears from out of thin air!
The magic dart hits you!
* * * LOW HITPOINT WARNING * * *
You hear some strange, mumbled words.
You are more confused.
Something hits you.
* * * LOW HITPOINT WARNING * * *
You're too confused to move!
Something completely misses you.
You bump into the rock wall.
Something hits you.
You die...

######### #.......#
#.#####.#####
##.###.......#
#......#.###.#
#).##......{.#######
#..##..#.@.........#
#.........##.#####...
#.###.....##.# ###.#
##.......# #...#
#.#####.# #.### #.
..# #.# ## ### #.#
#.#


There were no monsters in sight!

Vanquished Creatures
  3 gnolls (D:2)
  3 adders (D:2)
  A worm (D:2)
  5 ball pythons
  A bat (D:1)
  4 endoplasms
  A giant cockroach (D:1)
  2 goblins (D:1)
  7 hobgoblins
  2 quokkas (D:1)
  3 frilled lizards (D:1)
  7 kobolds
  3 rats
42 creatures vanquished.

Notes
Turn   | Place    | Note
-------+----------+-------------------------------------------
     0 | D:1      | zeratav the Gargoyle Earth Elementalist began the quest for
                  | the Orb.
     0 | D:1      | Reached XP level 1. HP: 10/10 MP: 3/3
   498 | D:1      | Reached skill level 1 in Fighting
   498 | D:1      | Reached XP level 2. HP: 16/16 MP: 3/5
   543 | D:1      | Found a faded altar of an unknown god.
   556 | D:1      | Reached skill level 4 in Earth Magic
  1118 | D:1      | Reached XP level 3. HP: 17/20 MP: 6/6
  1699 | D:2      | Reached XP level 4. HP: 15/27 MP: 2/7
  2534 | D:2      | Learned a level 3 spell: Stone Arrow
  2537 | D:2      | Learned a level 2 spell: Passwall
  2552 | D:2      | Noticed Sigmund
  2556 | D:2      | Reached skill level 5 in Earth Magic
  2576 | D:2      | Slain by Sigmund

Illustrated notes

Levels and vault maps discovered:
D:1:      mainiacjoe_arrival_reflecting_pool, layout_basic,
          ebering_ecumenical_altar_ruins
D:2:      layout_loops_cross, minmay_snake_closets, uniq_sigmund

Skill      XL: |  1  2  3  4 |
---------------+-------------+-----
Fighting       | 1 2 |  2.7
Earth Magic    | 4 5 |  5.0
Dodging        | |  1.6
Stealth        | |  2.1
Spellcasting   | |  2.6
Transmutations | |  0.7

Action                   |  1- 3 |  4- 6 || total
-------------------------+-------+-------++-------
Melee: Short sword       |    84 |    39 ||   123
 Cast: Sandblast         |    16 |    13 ||    29
Armor: Robe              |     2 |       ||     2
       Ring mail         |    31 |    18 ||    49
Dodge: Dodged            |    53 |    25 ||    78
